 Seeded DCSS version 0.30-a0-937-ga0a21ad780 (webtiles) character file.

Game seed: 169287705808878618 (custom seed)

2154 bmack86 the Cleaver (level 9, -8/78 HPs)
             Began as a Minotaur Fighter on Mar 24, 2023.
             Was a Believer of Okawaru.
             Killed by divine providence
             ... invoked by an orc priest
              (17 damage)
             ... on level 7 of the Dungeon.
             The game lasted 00:14:52 (5607 turns).

bmack86 the Cleaver (Minotaur Fighter)              Turns: 5607, Time: 00:14:53

Health: -8/78      AC: 14    Str: 31    XL:     9   Next: 10%
Magic:  9/9        EV: 14    Int:  5    God:    Okawaru [**....]
Gold:   434        SH:  5    Dex: 10    Spells: 8/8 levels left

rFire   . . .      SeeInvis .    a - +0 war axe (venom)
rCold   . . .      Faith    +    c - +0 buckler
rNeg    . . .      Spirit   .    b - +0 scale mail
rPois   .          Reflect  .    (helmet restricted)
rElec   .          Rampage  .    C - +0 cloak
rCorr   +                        K - +2 pair of gloves
Will    .....                    L - +1 pair of boots Stlth
                                 g - amulet of Mutualism {Faith rCorr}
HPRegen 0.33/turn                h - +5 ring of evasion
MPRegen 0.11/turn                q - +6 ring of strength

@: no status effects
A: horns 2, retaliatory headbutt
a: Renounce Religion, Heroism


You were on level 7 of the Dungeon.
You worshipped Okawaru.
Okawaru was pleased with you.
You visited 2 branches of the dungeon, and saw 8 of its levels.
You also visited: Sewer.

You collected 434 gold pieces.

Inventory:

Hand Weapons
 a - a +0 war axe of venom (weapon)
 A - a +0 heavy war axe
Missiles
 r - 3 poisoned darts
 s - 5 boomerangs (quivered)
Armour
 b - a +0 scale mail (worn)
 c - a +0 buckler (worn)
 k - a +0 pair of boots
 C - a +0 cloak (worn)
 K - a +2 pair of gloves (worn)
 L - a +1 pair of boots (worn)
Jewellery
 g - the amulet of Mutualism (around neck) {Faith rCorr}
   (You acquired it on level 5 of the Dungeon)

   [amulet of faith]

   It allows you to gain divine favour quickly.
   rCorr:     It protects you from acid and corrosion.
 h - a +5 ring of evasion (left hand)
 n - a ring of wizardry
 o - an amulet of the acrobat
 q - a +6 ring of strength (right hand)
 J - a ring of flight
 M - a ring of protection from fire
Wands
 e - a wand of flame (14)
 E - a wand of light (4)
Scrolls
 f - 4 scrolls of teleportation
 i - 6 scrolls of fog
 m - 3 scrolls of poison {unknown}
 w - a scroll of noise {unknown}
 y - a scroll of blinking
 B - 4 scrolls of fear {unknown}
 G - 2 scrolls of immolation {unknown}
Potions
 d - 6 potions of might
 l - 3 potions of heal wounds
 p - 2 potions of lignification {unknown}
 t - 2 potions of flight
 u - a potion of mutation {unknown}
 v - 2 potions of berserk rage
 x - 4 potions of curing
 z - a potion of magic {unknown}
 D - a potion of degeneration {unknown}
 F - a potion of resistance {unknown}
 H - a potion of ambrosia {unknown}
 I - a potion of invisibility {unknown}
 N - 2 potions of brilliance {unknown}
 O - a potion of haste


   Skills:
 + Level 6.8 Fighting
 * Level 8.5 Axes
 + Level 4.4 Throwing
 + Level 6.8 Armour
 + Level 6.7 Shields
 + Level 2.4 Invocations


You had 8 spell levels left.
You didn't know any spells.
Your spell library contained the following spells:

 Spells                   Type           Power      Damage    Failure   Level
 Sting                    Tmut/Pois      0%         1d3       77%         1
 Poisonous Vapours        Pois/Air       0%         N/A       88%         2
 Olgreb's Toxic Radiance  Pois           0%         N/A       100%        4


Dungeon Overview and Level Annotations

Branches:
Dungeon (7/15)             Temple (1/1) D:5           Sewer (visited)

Altars:
Cheibriados
Dithmenos
Elyvilon
Fedhas
Gozag
Hepliaklqana
Makhleb
Nemelex Xobeh
Okawaru
Qazlal
Ru
Sif Muna
Trog
Uskayaw
Vehumet
Wu Jian
Xom
Yredelemnul
Zin
The Shining One


Innate Abilities, Weirdness & Mutations

You have a pair of horns on your head.
You reflexively headbutt those who attack you in melee.


Message History

The killer bee is almost dead.
You kill the killer bee!
Okawaru accepts your kill. The killer bee barely misses you.
You furiously retaliate!
You headbutt the killer bee. You miss the killer bee.
The killer bee is lightly wounded.
You block the killer bee's attack. The killer bee stings you.
You are poisoned.
The killer bee poisons you!
The orc priest looks braver for a moment.
The killer bee closely misses you.
You miss the killer bee. Your headbutt misses the killer bee.
The killer bee is lightly wounded.
You feel very sick. The killer bee stings you! The killer bee misses you.
You closely miss the killer bee.
The killer bee is lightly wounded.
You feel sick. The killer bee misses you. You furiously retaliate!
You headbutt the killer bee!
The orc priest mumbles some strange prayers to Beogh against you.
Beogh smites you!
The orc priest mumbles some strange prayers to Beogh against you.
Beogh smites you!
* * * LOW HITPOINT WARNING * * *
The killer bee stings you!
* * * LOW HITPOINT WARNING * * *
You are lethally poisoned!
The killer bee poisons you!
You hit the killer bee.
The killer bee is poisoned.
The killer bee is severely wounded.
* * * LOW HITPOINT WARNING * * *
You feel very sick.
You kill the killer bee!
Okawaru accepts your kill.
The killer bee stings you but does no damage.
You feel better. The killer bee misses you.
The orc priest mumbles some strange prayers to Beogh against you.
Beogh smites you!
You die...

### #### #.. ...########
#.# ..........# #.#
#####
##.##.###.####.###oo...#
................@yoo....
##.##.....####.###o##.##
.......>..# #.# #
.#.##.....# #.#
#<##.....# #.#
########## #.# #.# #..


You could see a killer bee, 2 orc priests and 3 orcs.

Vanquished Creatures
  Sigmund (D:2)
  Eustachio (D:4)
  2 black bears (D:6)
  3 ogres
  A centaur (D:6)
  3 bullfrogs
  3 scorpions (D:6)
  4 killer bees (D:7)
  A howler monkey (D:4)
  3 jellies
  Crazy Yiuf (D:4)
  An orc priest (D:6)
  A sleepcap (D:4)
  3 hounds (D:6)
  2 iguanas
  Jessica (D:2)
  Ijyb (D:5)
  2 orc wizards (D:6)
  Robin (D:2)
  13 adders
  4 gnolls (D:2)
  2 river rats (Sewer)
  A white imp (D:4)
  2 ufetubi (D:6)
  5 worms
  2 dart slugs
  7 orcs
  6 endoplasms
  22 goblins
  5 hobgoblins
  3 jackals (D:2)
  A quokka (D:5)
  24 ball pythons
  A bat (D:3)
  6 frilled lizards
  4 kobolds
  35 rats
178 creatures vanquished.

Vanquished Creatures (others)
  5 fungi (D:4)
5 creatures vanquished.

Grand Total: 183 creatures vanquished

Notes
Turn   | Place    | Note
-------+----------+-------------------------------------------
     0 | D:1      | bmack86 the Minotaur Fighter began the quest for the Orb.
     0 | D:1      | Reached XP level 1. HP: 19/19 MP: 0/0
     6 | D:1      | Noticed a scorpion
     6 | D:1      | Noticed a snapping turtle
     6 | D:1      | Noticed a polar bear
     7 | D:1      | Noticed a wyvern
     7 | D:1      | Noticed a salamander
   385 | D:1      | Reached XP level 2. HP: 27/27 MP: 1/1
   975 | D:2      | Reached skill level 3 in Axes
  1077 | D:2      | Reached XP level 3. HP: 33/33 MP: 2/2
  1207 | D:2      | Noticed Jessica
  1214 | D:2      | Killed Jessica
  1264 | D:2      | Noticed Robin
  1291 | D:2      | Killed Robin
  1292 | D:2      | Reached skill level 1 in Throwing
  1292 | D:2      | Reached XP level 4. HP: 27/40 MP: 3/3
  1369 | D:2      | Reached skill level 4 in Axes
  1397 | D:2      | Reached XP level 5. HP: 41/47 MP: 4/4
  1465 | D:2      | Noticed Sigmund
  1474 | D:2      | Killed Sigmund
  1475 | D:2      | Reached skill level 5 in Axes
  1475 | D:2      | Reached XP level 6. HP: 53/53 MP: 5/5
  2246 | D:3      | Found a glowing golden altar of the Shining One.
  2505 | D:4      | Reached skill level 5 in Armour
  2576 | D:4      | Found a glowing drain.
  2586 | D:4      | Reached skill level 5 in Fighting
  2605 | Sewer    | Entered a sewer
  2684 | Sewer    | Reached skill level 5 in Shields
  2942 | Sewer    | Reached XP level 7. HP: 61/61 MP: 6/6
  2966 | Sewer    | Reached skill level 6 in Axes
  3090 | D:4      | Found a shimmering altar of Xom.
  3224 | D:4      | Found a stormy altar of Qazlal.
  3261 | D:4      | Noticed Eustachio
  3284 | D:4      | Killed Eustachio
  3501 | D:4      | Found an ornate altar of the Wu Jian Council.
  3533 | D:4      | Found a burning altar of Makhleb.
  3957 | D:4      | Found a runed translucent door.
  3958 | D:4      | Noticed Crazy Yiuf
  3963 | D:4      | Killed Crazy Yiuf
  4064 | D:5      | Entered Level 5 of the Dungeon
  4144 | D:5      | Found a staircase to the Ecumenical Temple.
  4148 | D:5      | Noticed Ijyb
  4230 | D:5      | Killed Ijyb
  4238 | D:5      | Reached skill level 7 in Axes
  4238 | D:5      | Reached XP level 8. HP: 43/70 MP: 7/7
  4244 | Temple   | Entered the Ecumenical Temple
  4378 | Temple   | Became a worshipper of Warmaster Okawaru
  4498 | D:5      | Identified a scroll of acquirement
  4498 | D:5      | Acquired the amulet of Mutualism {Faith rCorr}
  4924 | D:6      | Reached skill level 1 in Invocations
  5031 | D:6      | Reached * piety under Okawaru
  5069 | D:6      | Reached skill level 8 in Axes
  5444 | D:6      | Reached ** piety under Okawaru
  5445 | D:6      | Reached XP level 9. HP: 78/78 MP: 9/9
  5606 | D:7      | HP: 2/78 [poisoned by a killer bee]
  5607 | D:7      | Killed from afar by an orc priest

Illustrated notes

Levels and vault maps discovered:
D:1:      onia_arrival_zoo_common, layout_basic, minmay_fountain_box,
          nrook_mini_vaults, hangedman_decor_peaks_small
D:2:      layout_basic, hangedman_abyss_or_decor_stabs, uniq_jessica,
          uniq_sigmund, uniq_robin
D:3:      layout_basic, tso_altar, chequers_serial_rivers_small_a
D:4:      layout_loops_cross, mainiacjoe_overflow_six_doors_small,
          xom_teletrap_fun, nicolae_overflow_hidden_temple,
          nicolae_wu_jian_immortal_techniques, cheibrodos_sewer_entry_bend,
          uniq_crazy_yiuf_cottage, uniq_eustachio
D:5:      layout_rooms, minmay_temple_entry_statues, uniq_ijyb
D:6:      layout_rooms
D:7:      layout_basic, uniq_pikel
Temple:   regret_index_temple_waves

Skill      XL: |  1  2  3  4  5  6  7  8 |
---------------+-------------------------+-----
Axes           | 3 4 5 7 8 |  8.5
Fighting       | 4 5 6 |  6.8
Shields        | 4 5 6 |  6.7
Armour         | 4 5 6 |  6.8
Throwing       | 1 2 3 4 |  4.4
Invocations    | 2 |  2.4

Action                     |  1- 3 |  4- 6 |  7- 9 || total
---------------------------+-------+-------+-------++-------
  Melee: War axe           |    60 |   157 |   130 ||   347
         Headbutt          |     8 |    18 |    20 ||    46
  Throw: Dart              |       |     4 |       ||     4
         Boomerang         |       |     3 |     4 ||     7
    Use: Scroll            |       |     5 |     7 ||    12
         Potion            |       |       |     1 ||     1
 Armour: Scale mail        |    30 |    37 |    49 ||   116
  Dodge: Dodged            |    68 |   149 |   150 ||   367
  Block: Buckler           |    23 |    35 |    49 ||   107

Table legend: (Time is in decaauts)
 A = Elapsed time spent in this place.
 B = Non-inter-level travel time spent in this place.
 C = Inter-level travel time spent in this place.
 D = Time resting spent in this place.
 E = Time spent auto-exploring this place.
 F = Levels seen in this place.
 G = Mean time per level.
                   A        B        C        D        E       F      G
               +--------+--------+--------+--------+--------+-----+--------+
         Total |   5757 |   5463 |    294 |    286 |   3322 |   9 |  639.7 |
       Dungeon |   5044 |   4819 |    225 |    198 |   3108 |   7 |  720.6 |
        Temple |    226 |    157 |     69 |      0 |    137 |   1 |  226.0 |
         Sewer |    485 |    485 |      0 |     88 |     77 |   1 |  485.0 |
               +--------+--------+--------+--------+--------+-----+--------+

Top non-repeatable levels by time:
     D:4: 1224 daAuts
     D:1: 963 daAuts
     D:3: 789 daAuts
     D:2: 771 daAuts
     D:6: 647 daAuts
     D:5: 599 daAuts
   Sewer: 485 daAuts
  Temple: 226 daAuts
     D:7: 48 daAuts
